 Dungeon Crawl Stone Soup version 0.31.0-11-ge490571c62 (webtiles) character file.

Game seed: 9838968711668418957

198 Ashen the Sneak (level 5, 0/38 HPs)
             Began as a Gnoll Enchanter on Feb 5, 2024.
             Killed from afar by an orc wizard (8 damage)
             ... with a puff of flame
             ... on level 4 of the Dungeon.
             The game lasted 00:09:17 (3155 turns).

Ashen the Sneak (Gnoll Enchanter)                   Turns: 3155, Time: 00:09:17

Health: 0/38       AC:  2    Str:  8    XL:     5   Next: 76%
Magic:  2/12       EV: 14    Int: 14    God:
Gold:   163        SH:  0    Dex: 14    Spells: 3/14 levels left

rFire   . . .        k - +2 dagger (speed)
rCold   . . .        (no shield)
rNeg    . . .        b - +0 robe
rPois   .            (no helmet)
rElec   .            (no cloak)
rCorr   .            (no gloves)
SInv    .            (no boots)
Will    .....        (no amulet)
Stlth   +++          (no ring)
HPRegen 0.26/turn    (no ring)
MPRegen 0.13/turn

%: no passive effects
@: no status effects
A: fangs 1, strong nose, distributed training
a: no special abilities


You were on level 4 of the Dungeon.
You visited 2 branches of the dungeon, and saw 5 of its levels.

You collected 163 gold pieces.

Inventory:

Hand Weapons
 k - a +2 dagger of speed (weapon)
Missiles
 o - 4 poisoned darts (quivered)
Armour
 b - a +0 robe (worn)
Jewellery
 g - an amulet of magic regeneration
Wands
 m - a wand of charming (1)
 n - a wand of polymorph (15)
Scrolls
 a - 5 scrolls of identify {unknown}
 d - a scroll of enchant weapon {unknown}
 e - a scroll of amnesia {unknown}
 f - a scroll of teleportation {unknown}
 i - a scroll of enchant armour {unknown}
Potions
 c - 2 potions of invisibility
 h - a potion of brilliance {unknown}
 j - a potion of curing {unknown}
 l - a potion of might {unknown}
 p - a potion of lignification {unknown}
 q - a potion of attraction {unknown}


   Skills:
 + Level 1.7 Fighting
 + Level 3.1 Short Blades
 + Level 1.7 Long Blades
 + Level 1.7 Axes
 + Level 1.7 Maces & Flails
 + Level 1.7 Polearms
 + Level 1.7 Staves
 + Level 1.7 Ranged Weapons
 + Level 1.7 Throwing
 + Level 1.7 Armour
 + Level 4.9 Dodging
 + Level 6.2 Stealth
 + Level 1.7 Shields
 + Level 1.7 Unarmed Combat
 + Level 5.2 Spellcasting
 + Level 1.3 Conjurations
 + Level 5.6 Hexes
 + Level 1.3 Summonings
 + Level 1.3 Necromancy
 + Level 1.3 Translocations
 + Level 1.3 Fire Magic
 + Level 1.3 Ice Magic
 + Level 1.3 Air Magic
 + Level 1.3 Earth Magic
 + Level 1.3 Alchemy
 + Level 1.9 Invocations
 + Level 1.7 Evocations
 + Level 1.5 Shapeshifting


You had 3 spell levels left.
You knew the following spells:

 Your Spells              Type           Power      Damage    Failure   Level
a - Ensorcelled Hibernat  Hex/Ice        26%        N/A       6%          2
b - Confusing Touch       Hex            19%        N/A       4%          3
c - Tukima's Dance        Hex            19%        N/A       4%          3
d - Dazzling Flash        Conj/Hex       26%        N/A       12%         3

Your spell library contained the following spells:

 Spells                   Type           Power      Damage    Failure   Level
 Inner Flame              Hex/Fire       13%        N/A       12%         3
 Flame Wave               Conj/Fire      7%         2d5       67%         4
 Sticky Flame             Fire/Alch      7%         2d4       67%         4
 Malign Gateway           Summ/Tloc      3%         N/A       100%        7
 Summon Horrible Things   Summ           3%         N/A       100%        8


Dungeon Overview and Level Annotations

Branches:
Dungeon (4/15)             Temple (1/1) D:4

Altars:
Ashenzari
Elyvilon
Fedhas
Gozag
Hepliaklqana
Makhleb
Okawaru
Qazlal
Trog
Vehumet
The Shining One
Lugonu


Innate Abilities, Weirdness & Mutations

You have very sharp teeth.
Your uncanny sense of smell can sniff out nearby items.
Your experience applies equally to all skills.


Message History

You punch the orc wizard, but do no damage.
Your bite misses the orc wizard.
The orc wizard is heavily wounded.
The orc priest calls down the wrath of Beogh upon you.
Beogh smites you!
The orc wizard gestures at you while chanting.
The puff of flame misses you.
Unknown command.
Casting: Dazzling Flash (dangerous; 12% risk of failure)
Confirm with . or Enter, or press ? or * to list all spells.
Casting: Dazzling Flash (dangerous; 12% risk of failure)
Press: ? - help, Dir - look around, f - activate The orc wizard is dazzled.
The orc wizard hits you but does no damage.
You barely miss the orc wizard.
The orc wizard is heavily wounded.
You barely miss the orc wizard.
The orc wizard is heavily wounded.
The orc wizard casts a spell.
The orc wizard flickers and vanishes!
Deactivating autopickup; reactivate with Ctrl-A.
You miss something. You closely miss something.
The orc priest is no longer blind.
Something hits you.
You hit something but do no damage.
You hear a shout!
Your bite misses something.
You hear a shout!
You closely miss something.
You hear some strange, mumbled words.
A magic dart appears from out of thin air!
The magic dart hits you!
* * * LOW HITPOINT WARNING * * *
Your magical contamination has completely faded away.
Something barely misses you.
The orc priest miscasts a cantrip.
You hear some strange, mumbled words.
A puff of flame appears from out of thin air!
The puff of flame hits you!
You die...

#.# #o# #o# #.# #o#
∆ #.# #{# #.# #@#
#.####.## #.##....#
#.##....# #.##....#
#.##....# #.......#
# #######.......#
#####.............#


You could see an orc priest and 2 orcs.

Vanquished Creatures
  2 orc priests (D:4)
  Ijyb (D:4)
  An orc wizard (D:4)
  An iguana (D:4)
  A ribbon worm (D:2)
  4 orcs
  6 bats
  8 endoplasms
  4 giant cockroaches
  10 goblins
  3 hobgoblins
  3 jackals (D:1)
  A quokka (D:2)
  2 ball pythons (D:1)
  5 frilled lizards
  A kobold (D:2)
  3 rats
56 creatures vanquished.

Notes
Turn   | Place    | Note
-------+----------+-------------------------------------------
     0 | D:1      | Ashen the Gnoll Enchanter began the quest for the Orb.
     0 | D:1      | Reached XP level 1. HP: 13/13 MP: 6/6
   241 | D:1      | Reached XP level 2. HP: 12/19 MP: 7/7
   561 | D:1      | Learned a level 2 spell: Ensorcelled Hibernation
  1133 | D:1      | Reached skill level 5 in Spellcasting
  1133 | D:1      | Reached XP level 3. HP: 17/25 MP: 5/9
  1139 | D:1      | HP: 1/25 [endoplasm (2)]
  1227 | D:1      | Learned a level 3 spell: Confusing Touch
  1231 | D:1      | Learned a level 3 spell: Tukima's Dance
  1235 | D:1      | Learned a level 3 spell: Dazzling Flash
  1252 | D:2      | Reached skill level 6 in Stealth
  1409 | D:2      | Reached skill level 1 in Invocations
  1508 | D:2      | Found a broken altar of Ashenzari.
  1861 | D:2      | You fall into a shaft and drop 1 floor!
  1920 | D:3      | Reached skill level 1 in Fighting
  1920 | D:3      | Reached skill level 1 in Long Blades
  1920 | D:3      | Reached skill level 1 in Axes
  1920 | D:3      | Reached skill level 1 in Maces & Flails
  1920 | D:3      | Reached skill level 1 in Polearms
  1920 | D:3      | Reached skill level 1 in Staves
  1920 | D:3      | Reached skill level 1 in Ranged Weapons
  1920 | D:3      | Reached skill level 1 in Throwing
  1920 | D:3      | Reached skill level 1 in Armour
  1920 | D:3      | Reached skill level 1 in Shields
  1920 | D:3      | Reached skill level 1 in Unarmed Combat
  1920 | D:3      | Reached skill level 1 in Evocations
  2227 | D:3      | Found a white marble altar of Elyvilon.
  2837 | D:4      | Reached skill level 1 in Shapeshifting
  2837 | D:4      | Reached XP level 4. HP: 32/32 MP: 11/11
  2855 | D:4      | Noticed Ijyb
  2868 | D:4      | Killed Ijyb
  2869 | D:4      | Reached skill level 1 in Conjurations
  2869 | D:4      | Reached skill level 1 in Summonings
  2869 | D:4      | Reached skill level 1 in Necromancy
  2869 | D:4      | Reached skill level 1 in Translocations
  2869 | D:4      | Reached skill level 1 in Fire Magic
  2869 | D:4      | Reached skill level 1 in Ice Magic
  2869 | D:4      | Reached skill level 1 in Air Magic
  2869 | D:4      | Reached skill level 1 in Earth Magic
  2869 | D:4      | Reached skill level 1 in Alchemy
  2876 | D:4      | Reached XP level 5. HP: 37/37 MP: 5/12
  3023 | D:4      | Found a staircase to the Ecumenical Temple.
  3033 | Temple   | Entered the Ecumenical Temple
  3155 | D:4      | Killed from afar by an orc wizard

Illustrated notes

Levels and vault maps discovered:
D:1:      shiori_shiawase, layout_basic, serial_forest,
          infiniplex_forest_lined_1, infiniplex_forest_lined_4_way,
          infiniplex_forest_lined_3_way, infiniplex_forest_straight_3,
          infiniplex_forest_straight_2, infiniplex_forest_clump_diagonal
D:2:      layout_basic, basic_altar
D:3:      layout_basic, overflow_temple_1_default
D:4:      layout_rooms, nicolae_ru_awakened_eye, minmay_temple_entry_nine_rooms,
          serial_rivers, chequers_serial_rivers_micro_d,
          chequers_serial_rivers_small_b, chequers_serial_rivers_small_3,
          chequers_serial_rivers_micro_c, chequers_serial_rivers_micro_b,
          serial_library_hellmonk_junction, minmay_starry_boxes, uniq_ijyb
Temple:   corrupted_temple

Skill      XL: |  1  2  3  4  5 |
---------------+----------------+-----
Spellcasting   | 5 |  5.2
Stealth        | 6 |  6.2
Invocations    | 1 |  1.9
Fighting       | 1 |  1.7
Long Blades    | 1 |  1.7
Axes           | 1 |  1.7
Maces & Flails | 1 |  1.7
Polearms       | 1 |  1.7
Staves         | 1 |  1.7
Ranged Weapons | 1 |  1.7
Throwing       | 1 |  1.7
Armour         | 1 |  1.7
Shields        | 1 |  1.7
Unarmed Combat | 1 |  1.7
Evocations     | 1 |  1.7
Shapeshifting  | 1 |  1.5
Conjurations   | 1 |  1.3
Summonings     | 1 |  1.3
Necromancy     | 1 |  1.3
Translocations | 1 |  1.3
Fire Magic     | 1 |  1.3
Ice Magic      | 1 |  1.3
Air Magic      | 1 |  1.3
Earth Magic    | 1 |  1.3
Alchemy        | 1 |  1.3
Short Blades   | 3 |  3.1
Dodging        | |  4.9
Hexes          | |  5.6

Action                     |  1- 3 |  4- 6 || total
---------------------------+-------+-------++-------
  Melee: Dagger            |   132 |    30 ||   162
         Bite              |     7 |     1 ||     8
         Punch             |     1 |     1 ||     2
   Cast: Ensorcelled Hiber |    26 |     7 ||    33
         Dazzling Flash    |       |     3 ||     3
   Stab: Sleeping          |    25 |     7 ||    32
 Armour: Robe              |    80 |    10 ||    90
         Skin              |       |     1 ||     1
  Dodge: Dodged            |   104 |     7 ||   111
